 Dungeon Crawl Stone Soup version 0.24.0-1-gfbc8707122 (webtiles) character file.

Game seed: 69925405863605990, levelgen mode: deterministic

291 mopl the Cleaver (level 6, -3/51 HPs)
             Began as a Minotaur Berserker on Oct 27, 2019.
             Was a Believer of Trog.
             Slain by a worker ant (6 damage)
             ... on level 5 of the Dungeon.
             The game lasted 00:02:44 (1539 turns).

mopl the Cleaver (Minotaur Berserker)               Turns: 1539, Time: 00:02:44

Health: -3/51      AC:  2    Str: 22    XL:     6   Next: 10%
Magic:  5/5        EV: 12    Int:  4    God:    Trog [**....]
Gold:   72         SH:  0    Dex: 11    Spells: 5/5 levels left

rFire    . . .     SeeInvis .   a - +0 hand axe
rCold    . . .     Gourm    .   (no shield)
rNeg     . . .     Faith    .   b - +0 animal skin
rPois    .         Spirit   .   (helmet restricted)
rElec    .         Reflect  .   (no cloak)
rCorr    .         Harm     .   (no gloves)
MR       ++...                  (no boots)
Stlth    +.........             (no amulet)
HPRegen  1.17/turn              (no ring)
MPRegen  0.09/turn              (no ring)

@: lethally poisoned (-3 -> -3), berserk cooldown, regenerating
A: retaliatory headbutt, horns 2
a: Berserk, Trog's Hand, Renounce Religion


You were on level 5 of the Dungeon.
You worshipped Trog.
Trog was pleased with you.
You were hungry.

You visited 1 branch of the dungeon, and saw 5 of its levels.

You collected 72 gold pieces.

Inventory:

Hand Weapons
 a - a +0 hand axe (weapon)
Armour
 b - a +0 animal skin (worn)
Scrolls
 f - 4 scrolls of amnesia {unknown}
 i - a scroll of remove curse {unknown}
 n - 2 scrolls of noise {unknown}
 o - a scroll of identify {unknown}
 q - 3 scrolls of teleportation {unknown}
Potions
 d - a potion of haste
 e - a potion of heal wounds {unknown}
 g - a potion of magic {unknown}
 j - a potion of berserk rage {unknown}
 k - a potion of ambrosia {unknown}
 l - a potion of curing {unknown}
 m - a potion of lignification {unknown}
 p - a potion of mutation {unknown}
Comestibles
 c - 2 rations
 h - 4 chunks of flesh


   Skills:
 - Level 3.6 Fighting
 + Level 8.3 Axes
 - Level 2.4 Armour
 - Level 2.1 Dodging


You had 5 spell levels left.
You didn't know any spells.
Your spell library was empty.

Dungeon Overview and Level Annotations

Branches:
Dungeon (6/15)
 Temple: D:4-7

Altars:
Ashenzari
Dithmenos
Sif Muna
Beogh

Annotations:
D:3 3 runed translucent doors, Artagas's ghost, weakling CeHu


Innate Abilities, Weirdness & Mutations

You reflexively headbutt those who attack you in melee.
You have a pair of horns on your head.


Message History

A worker ant comes into view.
The worker ant bites you.
* * * LOW HITPOINT WARNING * * *
You are poisoned.
The worker ant poisons you!
Found a scroll labeled AGHAMA FYOMYV.
You see here a ration.
Unknown command.
You're still recovering from your berserk rage.
Your skin crawls.
You feel resistant to hostile enchantments.
You are feeling hungry.
You feel sick. The worker ant bites you.
* * * LOW HITPOINT WARNING * * *
The worker ant misses you. You furiously retaliate!
You headbutt the worker ant. You slash the worker ant!
The worker ant is severely wounded.
The worker ant bites you.
You die...

#...#...# #......#
###. #.....# #...
#....# ##... ##....#
#?..### #.....##
^....# )......##
....#
).###...########a..#
### ####........@..#
# ##.........#..# #
###...##### # #
##### ## .###
...#### ........
........


You could see a worker ant.

Vanquished Creatures
  A necrophage (D:6)
  An orc priest (D:3)
  2 orc wizards (D:5)
  4 adders (D:2)
  An adder skeleton (D:6)
  3 worms (D:2)
  6 dart slugs
  A leopard gecko (D:1)
  5 orcs
  A giant cockroach (D:2)
  7 goblins
  8 hobgoblins
  3 jackals (D:2)
  7 kobolds
  A ball python (D:1)
  5 bats
  2 frilled lizards
  2 rats
60 creatures vanquished.

Notes
Turn   | Place    | Note
-------+----------+-------------------------------------------
     0 | D:1      | mopl the Minotaur Berserker began the quest for the Orb.
     0 | D:1      | Reached XP level 1. HP: 19/19 MP: 0/0
    12 | D:1      | Reached skill level 4 in Axes
    13 | D:1      | Reached XP level 2. HP: 17/26 MP: 1/1
   346 | D:1      | Reached skill level 5 in Axes
   429 | D:1      | Reached XP level 3. HP: 31/31 MP: 2/2
   600 | D:2      | Reached ** piety under Trog
   614 | D:2      | Found a shattered altar of Ashenzari.
   873 | D:2      | Found a shadowy altar of Dithmenos.
   897 | D:2      | Reached skill level 6 in Axes
   897 | D:2      | Reached XP level 4. HP: 32/39 MP: 3/3
  1278 | D:2      | Found a shimmering blue altar of Sif Muna.
  1370 | D:3      | Found a runed translucent gate.
  1371 | D:3      | Found a runed translucent gate.
  1371 | D:3      | Noticed Artagas's ghost (weakling CeHu)
  1373 | D:3      | Reached XP level 5. HP: 45/45 MP: 4/4
  1376 | D:3      | Reached skill level 7 in Axes
  1379 | D:3      | Found a runed translucent gate.
  1379 | D:3      | Found a roughly hewn altar of Beogh.
  1442 | D:3      | You fall into a shaft and drop 3 floors!
  1443 | D:6      | Noticed a necrophage
  1446 | D:6      | Killed a necrophage
  1479 | D:5      | Entered Level 5 of the Dungeon
  1496 | D:5      | Reached skill level 8 in Axes
  1510 | D:5      | Reached XP level 6. HP: 6/51 MP: 5/5
  1538 | D:5      | HP: 2/51 [worker ant (3)]
  1539 | D:5      | Slain by a worker ant

Levels and vault maps discovered:
D:1:      wander_arrival_peaceful_grave, layout_basic
D:2:      layout_rooms, overflow_temple_1_default, led_sif_pool,
          overflow_temple_1_default
D:3:      layout_basic, gup_sewer_entry_bowl, biasface_ghost_orc_armoury
D:5:      layout_layer_cave, first_ration, hangedman_decor_push,
          elyvilon_altar_3
D:6:      layout_basic, nemelex_xobeh_ov_fountains_minmay, serial_shops,
          kennysheep_little_box

Skill      XL: |  1  2  3  4  5 |
---------------+----------------+-----
Axes           | 4 5 6 8 |  8.3
Fighting       | |  3.6
Armour         | |  2.4
Dodging        | |  2.1

Action                   |  1- 3 |  4- 6 || total
-------------------------+-------+-------++-------
Melee: Hand axe          |    65 |    55 ||   120
       Headbutt          |    11 |    11 ||    22
Invok: Berserk           |     1 |     3 ||     4
       Trog's Hand       |       |     1 ||     1
  Eat: Chunk             |     1 |     4 ||     5
Armor: Animal skin       |     9 |     9 ||    18
Dodge: Dodged            |    52 |    24 ||    76
